 Dungeon Crawl Stone Soup version 0.28.0-62-gf88900778d (webtiles) character file.

Game seed: 4395711122864351037

8082 cbfl8 the Spear-Bearer (level 11, -3/130 HPs)
             Began as a Merfolk Berserker on Sept 12, 2023.
             Was an Elder of Trog.
             Slain by a hornet (5 damage)
             ... on level 9 of the Dungeon.
             The game lasted 00:09:54 (11942 turns).

cbfl8 the Spear-Bearer (Merfolk Berserker)         Turns: 11942, Time: 00:09:55

Health: -3/130     AC: 18    Str: 20    XL:     11   Next: 25%
Magic:  0/11       EV:  7    Int: 12    God:    Trog [****..]
Gold:   658        SH:  8    Dex: 15    Spells: 10/10 levels left

rFire   + . .      SeeInvis +   j - +2 trident (freeze)
rCold   . . .      Faith    .   x - +0 kite shield
rNeg    . . .      Spirit   +   k - +7 chain mail "Xaqaymah" {Int+5 SInv Stlth-}
rPois   .          Reflect  .   (no helmet)
rElec   .          Harm     .   n - +0 cloak
rCorr   .          Rampage  .   (no gloves)
Will    .....                   (no boots)
Stlth   ..........              l - amulet of guardian spirit
HPRegen 0.31/turn               a - ring of protection from fire
MPRegen 0.12/turn               (no ring)

@: berserking (expiring), lethally poisoned (-3 -> -16), marked, slowed
A: (nimble swimmer 2), mertail
a: Renounce Religion, Berserk, Trog's Hand, Brothers in Arms


You were on level 9 of the Dungeon.
You worshipped Trog.
Trog was greatly pleased with you.
You visited 1 branch of the dungeon, and saw 10 of its levels.

You collected 658 gold pieces.

Inventory:

Hand Weapons
 j - a +2 trident of freezing (weapon)
Missiles
 v - a throwing net
Armour
 k - the +7 chain mail "Xaqaymah" (worn) {Int+5 SInv Stlth-}
   (You found it on level 2 of the Dungeon)

   Int:       It affects your intelligence (+5).
   SInv:      It lets you see invisible.
   Stlth:     It makes you less stealthy.
 n - a +0 cloak (worn)
 x - a +0 kite shield (worn)
Jewellery
 a - a ring of protection from fire (left hand)
 l - an amulet of guardian spirit (around neck)
Wands
 g - a wand of flame (12)
 r - a wand of digging (4)
Scrolls
 h - 2 scrolls of enchant armour
 i - 3 scrolls of teleportation
 m - 2 scrolls of fog
 p - a scroll of silence
 s - 2 scrolls of magic mapping
 t - a scroll of noise
Potions
 b - 2 potions of brilliance {unknown}
 c - 3 potions of mutation
 d - 4 potions of curing
 o - 2 potions of heal wounds
 q - a potion of ambrosia {unknown}


   Skills:
 + Level 8.8 Fighting
 + Level 14.9 Polearms
 + Level 6.5 Armour
 - Level 2.6 Dodging
 + Level 2.0 Shields
 * Level 7.7 Evocations


You had 10 spell levels left.
You didn't know any spells.
Your spell library was empty.

Dungeon Overview and Level Annotations

Branches:
Dungeon (10/15)            Temple (0/1) D:6
   Lair: D:8-11         Orc: D:9-12

Altars:
Elyvilon
Fedhas
Makhleb
Qazlal
Sif Muna
Trog
Uskayaw
Yredelemnul

Shops:
D:8 :


Innate Abilities, Weirdness & Mutations

((You are very nimble when in or above water. (Stealth+, EV+, Speed+++)))
Your lower body shifts to a powerful aquatic tail in water.


Message History

You feel sick. The hornet stings you.
* * * LOW HITPOINT WARNING * * *
You are more poisoned.
You suddenly lose the ability to move!
The yak gores you but does no damage.
You feel very sick.
The hornet stings you but does no damage.
The yak gores you.
* * * LOW HITPOINT WARNING * * *
You can move again.
You barely miss the hornet.
You feel yourself speed up.
You feel very sick. The hornet stings you.
* * * LOW HITPOINT WARNING * * *
You are more poisoned.
You shrug off the repeated paralysis!
The yak gores you but does no damage. The hornet stings you!
* * * LOW HITPOINT WARNING * * *
You feel yourself slow down.
You impale the hornet!! You freeze the hornet.
The hornet is heavily wounded.
You are no longer corroded.
* * * LOW HITPOINT WARNING * * *
You feel very sick.
The hornet stings you but does no damage.
Unknown command.
You puncture the yak! You freeze the yak.
The yak is severely wounded.
You feel yourself speed up.
* * * LOW HITPOINT WARNING * * *
You feel very sick. You block the yak's attack. The hornet stings you!
* * * LOW HITPOINT WARNING * * *
You feel yourself slow down.
You hit the hornet. You freeze the hornet.
The hornet is severely wounded.
* * * LOW HITPOINT WARNING * * *
You feel very sick. The hornet stings you!
You die...

###.## #.##.##.....#### #......)
# #.# #.##......#....# #....<## #
#.# #.....)......#.# #.#.### #
#.# #######.#.#....# #.#.# #.#
#.#.#.#######.#.# #.#
#.#.#.........#.#
#.##########.#.##......#(#.#
#.##.........#y##.###..#.#.##
#.##.#######.#@##.###..#..#.##
###.##.#.....#.Y[........#.###.##
#........###.###..........## ##..
###.##.#.# #.# ####.######.###.##
###.##.#.# #.# #.# ##.#.##
.........# #.# #.# ##.##
.##.##.#.# #.# #.# ###.####
[##.##.#.# #.# #.######.......
....##.#.# #.# #........#.####


You could see a yak and a hornet.

Vanquished Creatures
  A centaur warrior (D:8)
  A wizard (D:10)
  2 cyclopes (D:8)
  A hornet (D:9)
  2 trolls
  Eustachio (D:5)
  2 wyverns
  3 steam dragons
  Edmund (D:4)
  2 acid dragons
  3 water moccasins
  Duvessa (D:4)
  2 orc warriors
  2 black bears
  2 sky beasts
  A hornet zombie (D:7)
  An ogre (D:7)
  3 centaurs
  3 phantoms
  2 kobold brigands
  A gnoll sergeant (D:8)
  A wyvern zombie (D:9)
  4 scorpions
  A wyvern skeleton (D:6)
  A water moccasin skeleton (D:6)
  Dowan (D:4)
  9 wights
  6 killer bees
  An electric eel (D:8)
  A howler monkey (D:9)
  2 centaur zombies
  2 bullfrog skeletons (D:5)
  A bullfrog zombie (D:5)
  A hound (D:5)
  3 orc priests
  A jelly (D:6)
  Jessica (D:2)
  An iguana (D:5)
  13 orc wizards
  2 killer bee zombies
  4 gnolls (D:8)
  2 adders
  A white imp (D:7)
  3 adder skeletons
  34 orcs
  6 bats
  8 endoplasms
  A goblin (D:1)
  5 hobgoblins
  2 quokkas
  3 ball pythons
  6 frilled lizards
  19 kobolds
  5 rats
188 creatures vanquished.

Vanquished Creatures (collateral kills)
  A deep elf pyromancer (D:9)
  2 hell hounds (D:9)
3 creatures vanquished.

Vanquished Creatures (others)
  A wizard (D:7)
  A vampire (D:8)
  A kobold brigand (D:9)
  2 kobolds (D:9)
5 creatures vanquished.

Grand Total: 196 creatures vanquished

Notes
Turn   | Place    | Note
-------+----------+-------------------------------------------
     0 | D:1      | cbfl8 the Merfolk Berserker began the quest for the Orb.
     0 | D:1      | Reached XP level 1. HP: 18/18 MP: 1/1
   303 | D:1      | Reached XP level 2. HP: 24/24 MP: 2/2
   428 | D:1      | Found a faded altar of an unknown god.
   676 | D:2      | Identified the +7 chain mail "Xaqaymah" {Int+5 SInv Stlth-}
   798 | D:3      | Reached skill level 5 in Polearms
   949 | D:3      | Found a burning altar of Makhleb.
  1052 | D:2      | Reached skill level 1 in Evocations
  1052 | D:2      | Reached XP level 3. HP: 29/29 MP: 3/3
  1054 | D:2      | Reached ** piety under Trog
  1289 | D:2      | Noticed Jessica
  1300 | D:2      | Killed Jessica
  1485 | D:2      | Reached XP level 4. HP: 28/37 MP: 4/4
  1627 | D:3      | Reached skill level 6 in Polearms
  1963 | D:3      | Found a white marble altar of Elyvilon.
  2401 | D:4      | Noticed Dowan
  2401 | D:4      | Noticed Duvessa
  2417 | D:4      | Killed Duvessa
  2418 | D:4      | Reached skill level 7 in Polearms
  2418 | D:4      | Reached XP level 5. HP: 35/42 MP: 5/5
  2424 | D:4      | Killed Dowan
  2425 | D:4      | Reached XP level 6. HP: 26/48 MP: 6/6
  3002 | D:4      | Found a hide-covered altar of Uskayaw.
  3310 | D:4      | Noticed Edmund
  3328 | D:4      | Killed Edmund
  3329 | D:4      | Reached skill level 8 in Polearms
  3329 | D:4      | Reached XP level 7. HP: 47/53 MP: 7/7
  3908 | D:5      | Entered Level 5 of the Dungeon
  4028 | D:5      | Reached skill level 9 in Polearms
  4238 | D:5      | Noticed Eustachio
  4296 | D:5      | Killed Eustachio
  4296 | D:5      | Reached *** piety under Trog
  4297 | D:5      | Reached skill level 5 in Fighting
  4297 | D:5      | Reached XP level 8. HP: 53/62 MP: 8/8
  4477 | D:5      | Reached skill level 10 in Polearms
  5382 | D:6      | Reached skill level 11 in Polearms
  5511 | D:6      | Found a staircase to the Ecumenical Temple.
  5662 | D:6      | Found a shimmering blue altar of Sif Muna.
  5804 | D:6      | Reached XP level 9. HP: 68/69 MP: 9/9
  5843 | D:6      | Reached skill level 5 in Evocations
  7130 | D:7      | Reached skill level 12 in Polearms
  8047 | D:7      | Reached **** piety under Trog
  8141 | D:7      | Reached skill level 5 in Armour
  8534 | D:7      | Found a bloodstained altar of Trog.
  8537 | D:7      | Noticed a wizard
  8540 | D:7      | Killed a wizard
  8757 | D:8      | Reached skill level 13 in Polearms
  8757 | D:8      | Reached XP level 10. HP: 74/79 MP: 10/10
  8980 | D:8      | Found Refotox's Book Emporium.
  9000 | D:8      | Found a stormy altar of Qazlal.
  9005 | D:8      | Found a basalt altar of Yredelemnul.
  9061 | D:8      | Noticed a centaur warrior
  9064 | D:8      | Noticed a cyclops
  9071 | D:8      | Noticed a cyclops
  9077 | D:8      | Killed a centaur warrior
  9082 | D:8      | Killed a cyclops
  9499 | D:8      | Reached skill level 14 in Polearms
  9727 | D:8      | Killed a cyclops
 10056 | D:8      | Found a blossoming altar of Fedhas.
 10784 | D:9      | Reached skill level 1 in Shields
 10784 | D:9      | Reached XP level 11. HP: 47/87 MP: 7/11
 11357 | D:9      | Noticed a deep elf pyromancer
 11369 | D:9      | Killed a deep elf pyromancer
 11648 | D:10     | Entered Level 10 of the Dungeon
 11869 | D:10     | Noticed a wizard
 11886 | D:10     | Killed a wizard
 11937 | D:9      | Paralysed by a hornet for 1 turns
 11941 | D:9      | HP: 4/130 [hornet (10)]
 11942 | D:9      | Slain by a hornet

Illustrated notes

Levels and vault maps discovered:
D:1:      lightli_arrival_statuegarden, layout_loops_cross,
          basic_ecumenical_altar, serial_bayou_crossing
D:2:      layout_basic, uniq_jessica
D:3:      layout_loops_corners, lemuel_coloured_pillars_altar,
          mainiacjoe_overflow_surrounded_room
D:4:      layout_cave_pods, mainiacjoe_overflow_paths, uniq_edmund, uniq_duvessa
D:5:      layout_basic, uniq_eustachio
D:6:      layout_basic, mainiacjoe_overflow_brackets,
          minmay_temple_entry_arrows, minmay_a_box_with_orc_wizards_in_it
D:7:      minmay_recursive_quarters, layout_gridville, trog_wizard,
          serial_rivers, chequers_serial_rivers_micro_e,
          chequers_serial_rivers_small_a, chequers_serial_rivers_large_b,
          chequers_serial_rivers_large_a
D:8:      minmay_curly_fans, layout_loops_ring, grunt_temple_overflow_open,
          marbit_many_paths, serial_shops, shop, kennysheep_diamond,
          hangedman_abyss_or_decor_passed
D:9:      lemuel_flame_loot_2, layout_loops_ring
D:10:     layout_loops_cross, xom_shifter_show, david_orc_2

Skill      XL: |  1  2  3  4  5  6  7  8  9 10 11 |
---------------+----------------------------------+-----
Polearms       | 5 7 8 9 11 13 14 | 14.9
Evocations     | 1 2 3 4 6 7 |  7.7
Fighting       | 4 5 7 8 |  8.8
Armour         | 2 3 5 6 |  6.5
Shields        | 1 2 |  2.0
Dodging        | |  2.6

Action                   |  1- 3 |  4- 6 |  7- 9 | 10-12 || total
-------------------------+-------+-------+-------+-------++-------
Melee: Spear             |    74 |   122 |   249 |       ||   445
       Punch             |       |       |    11 |       ||    11
       Trident           |       |       |   315 |   256 ||   571
Invok: Berserk           |       |     3 |       |     2 ||     5
Evoke: Wand              |       |       |       |     1 ||     1
  Use: Scroll            |     2 |     1 |     8 |     7 ||    18
       Potion            |       |       |     3 |     1 ||     4
 Stab: Sleeping          |     2 |       |       |       ||     2
Armor: Animal skin       |     1 |       |       |       ||     1
       Chain mail        |    14 |    51 |   265 |   129 ||   459
Dodge: Dodged            |    18 |    21 |   166 |    60 ||   265
Block: Kite shield       |       |       |       |    48 ||    48
       Buckler           |       |       |       |    11 ||    11
